 Dungeon Crawl Stone Soup version 0.27.1-33-g824d729ab1 (webtiles) character file.

Game seed: 15117655243977983717

25 Aksej the Ruffian (level 3, -4/31 HPs)
             Began as a Ghoul Monk on Nov 28, 2021.
             Splashed by a jelly's acid (8 damage)
             ... on level 2 of the Dungeon.
             The game lasted 00:03:28 (1245 turns).

Aksej the Ruffian (Ghoul Monk)                      Turns: 1245, Time: 00:03:30

Health: -4/31      AC: -2    Str: 14    XL:     3   Next: 6%
Magic:  2/2        EV: 12    Int:  5    God:
Gold:   61         SH:  0    Dex: 12    Spells: 1/2 levels left

rFire    . . .     SeeInvis .     - Unarmed
rCold    + . .     Faith    .   (no shield)
rNeg     + + +     Spirit   .   a - +0 robe
rPois    ∞         Reflect  .   (no helmet)
rElec    .         Harm     .   (no cloak)
rCorr    .         Rampage  .   (no gloves)
Will     .....                  (no boots)
Stlth    ++........             (no amulet)
HPRegen  0.00/turn              (no ring)
MPRegen  0.08/turn              (no ring)

@: corroded, inhibited regen
A: claws 1, cold resistance 1, negative energy resistance 3, inhibited
regeneration, torment resistance 2
a: no special abilities


You were on level 2 of the Dungeon.
You visited 1 branch of the dungeon, and saw 2 of its levels.

You collected 61 gold pieces.

Inventory:

Armour
 a - a +0 robe (worn)
Jewellery
 c - a ring of ice
Scrolls
 b - a scroll of summoning
 f - a scroll of teleportation
Potions
 e - a potion of curing
 h - a potion of might {unknown}


   Skills:
 + Level 3.6 Fighting
 + Level 3.0 Dodging
 + Level 2.4 Stealth
 + Level 3.8 Unarmed Combat


You had one spell level left.
You knew the following spells:

 Your Spells              Type           Power      Damage    Failure   Level
a - Animate Skeleton      Necr           0%         N/A       47%         1

Your spell library contained the following spells:

 Spells                   Type           Power      Damage    Failure   Level
 Apportation              Tloc           0%         N/A       47%         1
 Corona                   Hex            0%         N/A       47%         1
 Summon Small Mammal      Summ           0%         N/A       47%         1


Dungeon Overview and Level Annotations

Branches:
Dungeon (2/15)

Altars:


Innate Abilities, Weirdness & Mutations

You thrive by killing the living.
You are immune to poison.
You have sharp fingernails.
Your flesh is cold resistant. (rC+)
You are immune to negative energy. (rN+++)
You do not regenerate when monsters are visible.
You are immune to unholy pain and torment.


Message History

You scratch the giant cockroach.
The giant cockroach is severely wounded.
The giant cockroach barely misses you. x2
You scratch the giant cockroach.
You kill the giant cockroach!
You feel better.
You claw the endoplasm!
You kill the endoplasm!
You have reached level 3!
Your experience leads to an increase in your attributes!
Increase (S)trength, (I)ntelligence, or (D)exterity?
You feel agile.
You claw the endoplasm!
You kill the endoplasm!
HP restored.
Things that are here:
a giant cockroach corpse; a jackal corpse; a jackal corpse You see here a jackal corpse.
Found a scroll of summoning.
You now have 47 gold pieces (gained 10).
b - a scroll of summoning You now have 61 gold pieces (gained 14).
A jelly comes into view.
A jelly is nearby!
The helpless jelly fails to defend itself.
You claw the jelly! The acid corrodes you!
Your claws burn!
The jelly is heavily wounded.
The jelly hits you.
You are splashed with acid!
You are too injured to fight recklessly!
You are too injured to fight recklessly!
You scratch the jelly.
Your claws burn!
The jelly is almost dead.
The jelly barely misses you.
You scratch the jelly but do no damage.
Your claws burn!
* * * LOW HITPOINT WARNING * * *
The jelly is almost dead.
The jelly hits you.
* * * LOW HITPOINT WARNING * * *
You are splashed with acid!
You die...

#.# .# #.# .# #.# .#
.#########.######.#
..................#
#######..#######..###
#..# #.....# #..#
#.....# #######..#
#.@...# .........#
#J....# ########.#
#.....# .........#
###.### .#######.##
.# .....# #..# .#
.#.#.###..#######.#
.......<..†.......#
.#.#.###..#######.#


You could see a jelly.

Vanquished Creatures
  A ball python (D:1)
  3 endoplasms
  A giant cockroach (D:2)
  2 goblins (D:1)
  2 hobgoblins (D:1)
  3 jackals (D:2)
  2 kobolds (D:1)
  4 quokkas (D:1)
  A frilled lizard (D:1)
  A rat (D:1)
20 creatures vanquished.

Notes
Turn   | Place    | Note
-------+----------+-------------------------------------------
     0 | D:1      | Aksej the Ghoul Monk began the quest for the Orb.
     0 | D:1      | Reached XP level 1. HP: 19/19 MP: 0/0
   405 | D:1      | Reached XP level 2. HP: 18/26 MP: 1/1
   701 | D:1      | Found a faded altar of an unknown god.
   963 | D:1      | Learned a level 1 spell: Animate Skeleton
  1183 | D:2      | Reached XP level 3. HP: 29/31 MP: 2/2
  1245 | D:2      | Splashed by a jelly's acid

Illustrated notes

Levels and vault maps discovered:
D:1:      amcnicky_arrival_gap_in_the_tavern_cellar, layout_loops_cross,
          hellmonk_ecumenical_altar_pennies_from_heaven, st_stairs_9,
          minmay_misc_feat_pillars
D:2:      layout_loops_ring

Skill      XL: |  1  2 |
---------------+-------+-----
Dodging        | 3 |  3.0
Fighting       | |  3.6
Stealth        | |  2.4
Unarmed Combat | |  3.8

Action                   || total
-------------------------++-------
Melee: Unarmed           ||    71
       Punch             ||     1
  Use: Scroll            ||     4
 Stab: Sleeping          ||     2
Armor: Robe              ||    12
Dodge: Dodged            ||    37
